 Dungeon Crawl Stone Soup version 0.27.1 (webtiles) character file.

Game seed: 14768738631674160727

614 MacCMillion the Digger (level 7, -3/36 HPs)
             Began as a Gargoyle Earth Elementalist on Aug 31, 2021.
             Was an Initiate of Vehumet.
             Slain by Duvessa (10 damage)
             ... on level 4 of the Dungeon.
             The game lasted 00:16:09 (5781 turns).

MacCMillion the Digger (GrEE)                       Turns: 5781, Time: 00:16:10

Health: -3/36      AC:  6    Str: 11    XL:     7   Next: 44%
Magic:  5/10       EV: 11    Int: 18    God:    Vehumet [......]
Gold:   166        SH:  7    Dex: 10    Spells: 4/10 levels left

rFire    . . .     SeeInvis +   a - +0 dagger
rCold    . . .     Faith    .   r - +3 buckler of Greed {SInv}
rNeg     + . .     Spirit   .   b - +0 robe
rPois    ∞         Reflect  .   (no helmet)
rElec    +         Harm     .   (no cloak)
rCorr    .         Rampage  .   (no gloves)
Will     .....                  (no boots)
Stlth    ++........             (no amulet)
HPRegen  0.12/turn              (no ring)
MPRegen  0.12/turn              (no ring)

@: no status effects
A: sickness immunity, AC +4, negative energy resistance 1, electricity
resistance, torment resistance 1, petrification resistance
a: Renounce Religion


You were on level 4 of the Dungeon.
You worshipped Vehumet.
Vehumet was noncommittal.
You visited 2 branches of the dungeon, and saw 5 of its levels.
You also visited: Sewer.

You collected 166 gold pieces.

Inventory:

Hand Weapons
 a - a +0 dagger (weapon)
 s - a +0 scimitar of holy wrath
Missiles
 c - 85 stones
Armour
 b - a +0 robe (worn)
 e - a +2 scale mail of cold resistance
 r - the +3 buckler of Greed (worn) {SInv}
   (You found it on level 4 of the Dungeon)

   SInv:      It lets you see invisible.
Scrolls
 f - a scroll of magic mapping {unknown}
 g - a scroll of blinking {unknown}
 o - a scroll of enchant weapon {unknown}
 p - a scroll of silence {unknown}
 q - a scroll of fear {unknown}
 u - a scroll of fog {unknown}
Potions
 d - a potion of degeneration
 h - 3 potions of heal wounds {unknown}
 i - 4 potions of mutation
 j - a potion of curing {unknown}
 k - a potion of haste {unknown}
 l - a potion of lignification {unknown}
 m - a potion of might
 n - 2 potions of invisibility {unknown}
 v - a potion of resistance


   Skills:
 - Level 1.7 Dodging
 - Level 2.1 Stealth
 + Level 3.0 Shields
 - Level 2.0 Spellcasting
 - Level 5.0 Conjurations
 - Level 1.0 Transmutations
 + Level 7.2 Earth Magic


You had 4 spell levels left.
You knew the following spells:

 Your Spells              Type           Power      Damage    Failure   Level
a - Sandblast             Erth           56%        2d13      1%          1
b - Stone Arrow           Conj/Erth      46%        3d9       4%          3
c - Passwall              Tmut/Erth      13%        N/A       5%          2

Your spell library contained the following spells:

 Spells                   Type           Power      Damage    Failure   Level
 Magic Dart               Conj           76%        1d6       2%          1
 Call Imp                 Summ           1%         N/A       30%         2
 Mephitic Cloud           Conj/Pois/Air  7%         N/A       30%         3
 Petrify                  Tmut/Erth      16%        N/A       36%         4


Dungeon Overview and Level Annotations

Branches:
Dungeon (4/15)             Temple (1/1) D:4           Sewer (visited)

Altars:
Gozag
Kikubaaqudgha
Makhleb
Nemelex Xobeh
Okawaru
Ru
Uskayaw
Vehumet
Xom
Zin
The Shining One

Shops:
D:2 [   D:4 *

Annotations:
D:4 Duvessa


Innate Abilities, Weirdness & Mutations

You are immune to sickness and miasma.
Your stone body is resilient. (AC +4)
You are immune to poison.
You resist negative energy. (rN+)
You are resistant to electric shocks. (rElec)
You are resistant to unholy torment.
You are immune to petrification.


Message History

Vehumet accepts your kill.
You hear a distant scream of rage.
Training target 5.0 for Conjurations reached!
Your Shields skill increases to level 3!
Your Conjurations skill increases to level 5!
You start resting.
Magic restored.
Things that are here:
a +0 dagger; a +0 robe; the elf corpse of Dowan
Okay, then.
Duvessa, Sister of Dowan comes into view.
She is wielding a +0 short sword of venom.
Duvessa goes berserk!
Duvessa hits you with a +0 short sword of venom.
The blast of sand hits Duvessa!
Duvessa is moderately wounded.
Duvessa hits you with a +0 short sword of venom!
The blast of sand hits Duvessa!
Duvessa is heavily wounded.
You block Duvessa's attack.
Duvessa hits you with a +0 short sword of venom!
You are too injured to fight recklessly!
Aiming: Sandblast (safe; 1% risk of failure)
Press: ? - help, Q - select action, (/) - cycle Shift-Dir - straight line, f/p - Duvessa
Aim: Duvessa, wielding a +0 short sword of venom and wearing a +0 leather armour (heavily wounded, berserk, 83% to hit)
The blast of sand misses Duvessa.
Duvessa hits you with a +0 short sword of venom.
* * * LOW HITPOINT WARNING * * *
Okay, then.
Aiming: Sandblast (safe; 1% risk of failure)
Press: ? - help, Q - select action, (/) - cycle Shift-Dir - straight line, f/p - Duvessa
Aim: Duvessa, wielding a +0 short sword of venom and wearing a +0 leather armour (heavily wounded, berserk, 83% to hit)
The blast of sand misses Duvessa.
Duvessa hits you but does no damage. You block Duvessa's attack.
Aiming: Sandblast (safe; 1% risk of failure)
Press: ? - help, Q - select action, (/) - cycle Shift-Dir - straight line, f/p - Duvessa
Aim: Duvessa, wielding a +0 short sword of venom and wearing a +0 leather armour (heavily wounded, berserk, 83% to hit)
The blast of sand hits Duvessa.
Duvessa is heavily wounded.
Duvessa hits you with a +0 short sword of venom!
You die...

.# #.# #.#.#
.#########.# #.#.#
...........###.#.#
.............).#.#
######.)##....#.#
#####.(##.##.#.#
#.........##.#.#
#.....^..###.#.#
#..##..#.###.#@#
....##........#e#
.........#......#
##.##.###.#####.#
# #.###.## #.#
.##.##......# #..
....[...###.# #.#
###..#..# #.# #.#
#. #..###.#


You could see Duvessa (berserk).

Vanquished Creatures
  A water moccasin (D:4)
  Blork the orc (D:4)
  Dowan (D:4)
  An orc priest (D:4)
  Jessica (D:3)
  An iguana (D:4)
  2 orc wizards (D:4)
  5 gnolls
  10 adders
  2 river rats (Sewer)
  3 worms
  A dart slug (D:4)
  3 orcs
  10 ball pythons
  7 bats
  12 endoplasms
  7 giant cockroaches
  9 goblins
  4 hobgoblins
  4 jackals (D:4)
  3 kobolds
  3 quokkas
  9 frilled lizards
  7 rats
107 creatures vanquished.

Vanquished Creatures (others)
  5 plants (D:4)
5 creatures vanquished.

Grand Total: 112 creatures vanquished

Notes
Turn   | Place    | Note
-------+----------+-------------------------------------------
     0 | D:1      | MacCMillion the Gargoyle Earth Elementalist began the quest
                  | for the Orb.
     0 | D:1      | Reached XP level 1. HP: 10/10 MP: 3/3
   213 | D:1      | Reached skill level 4 in Earth Magic
   256 | D:1      | Reached skill level 1 in Transmutations
   256 | D:1      | Reached XP level 2. HP: 10/15 MP: 3/5
  1301 | D:2      | Reached XP level 3. HP: 19/19 MP: 6/6
  1401 | D:1      | Reached skill level 5 in Earth Magic
  1527 | D:1      | Learned a level 3 spell: Stone Arrow
  1530 | D:1      | Learned a level 2 spell: Passwall
  1600 | D:2      | Found Dehats's Antique Armour Boutique.
  1936 | D:2      | Found a faded altar of an unknown god.
  2657 | D:2      | Reached XP level 4. HP: 18/24 MP: 5/7
  3081 | D:3      | Found a glowing drain.
  3112 | D:3      | Reached skill level 1 in Conjurations
  3114 | D:3      | Reached skill level 6 in Earth Magic
  3118 | D:3      | Reached XP level 5. HP: 24/28 MP: 0/8
  3144 | Sewer    | Entered a sewer
  4242 | D:3      | Noticed Jessica
  4243 | D:3      | Killed Jessica
  4763 | D:4      | Identified the +3 buckler of Greed {SInv}
  4803 | D:4      | Found a sacrificial altar of Ru.
  4807 | D:4      | Found a sparkling altar of Nemelex Xobeh.
  4807 | D:4      | Noticed Blork the orc
  4833 | D:4      | Reached XP level 6. HP: 27/32 MP: 9/9
  4890 | D:4      | Killed Blork the orc
  4891 | D:4      | Reached skill level 1 in Shields
  5096 | D:4      | Found Eggig's Serpentskin Sales.
  5097 | D:4      | Noticed a water moccasin
  5103 | D:4      | Killed a water moccasin
  5104 | D:4      | Reached XP level 7. HP: 26/36 MP: 4/10
  5274 | D:4      | Identified the amulet of Zekoed {Faith Dex+3}
  5414 | D:4      | Reached skill level 7 in Earth Magic
  5519 | D:4      | Found a staircase to the Ecumenical Temple.
  5602 | Temple   | Entered the Ecumenical Temple
  5657 | Temple   | Became a worshipper of Vehumet
  5731 | D:4      | Noticed Dowan
  5748 | D:4      | Killed Dowan
  5749 | D:4      | Reached skill level 5 in Conjurations
  5774 | D:4      | Noticed Duvessa
  5781 | D:4      | Slain by Duvessa

Illustrated notes

Levels and vault maps discovered:
D:1:      ncdulo_watergridlock, layout_loops_cross, minmay_tetromino_s4
D:2:      layout_basic, basic_ecumenical_altar, serial_shops, shop,
          serial_rivers, chequers_serial_rivers_small_b,
          chequers_serial_rivers_micro_d, chequers_serial_rivers_micro_d,
          chequers_serial_rivers_micro_c
D:3:      layout_loops_ring, gup_sewer_entry_glass, uniq_jessica
D:4:      cheibrodos_old_hovel, layout_loops_ring, grunt_temple_overflow_open,
          temple_hall, guppyfry_shop_venom, uniq_blork_the_orc, uniq_duvessa
Temple:   kb_temple_of_zot

Skill      XL: |  1  2  3  4  5  6  7 |
---------------+----------------------+-----
Earth Magic    | 4 5 6 7 |  7.2
Transmutations | 1 |  1.0
Conjurations   | 2 3 4 5 |  5.0
Shields        | 2 3 |  3.0
Dodging        | |  1.7
Stealth        | |  2.1
Spellcasting   | |  2.0

Action                   |  1- 3 |  4- 6 |  7- 9 || total
-------------------------+-------+-------+-------++-------
Melee: Dagger            |   131 |   186 |    23 ||   340
       Unarmed           |     4 |       |       ||     4
 Cast: Sandblast         |    18 |    46 |    23 ||    87
  Use: Scroll            |       |     6 |       ||     6
 Stab: Sleeping          |     6 |     2 |       ||     8
Armor: Robe              |    37 |    71 |    11 ||   119
Dodge: Dodged            |    89 |   130 |    12 ||   231
Block: Buckler           |       |       |     8 ||     8
